| TOP OF THE 1ST |
|
Colorado Rockies batting - Pitching for Atlanta Braves : RHP Matt Sigurdson
|
|
Pitching: RHP Matt Sigurdson
|
|
|
Batting: SHB Chris Blue
|
0-0: Called Strike 0-1: Ball 1-1: Foul Ball, location: 2F 1-2: Fly out, F7 (Flyball, 7LM, EV 96.9 MPH)
|
|
Batting: SHB Jon Munoz
|
0-0: Ball 1-0: Foul Ball, location: 2F 1-1: Fly out, F5 (Popup, 5SF, EV 73.8 MPH)
|
|
Batting: RHB Joel Haycock
|
0-0: Called Strike 0-1: Ball 1-1: SINGLE (Groundball, P, EV 88.8 MPH) (infield hit)
|
|
Batting: RHB Jason Andrews
|
0-0: Foul Ball, location: 2F 0-1: Fly out, F8 (Flyball, 8RM, EV 95.6 MPH)
|
| Top of the 1st over - 0 runs, 1 hit, 0 errors, 1 left on base; Colorado 0 - Atlanta 0 |
| BOTTOM OF THE 1ST |
|
Atlanta Braves batting - Pitching for Colorado Rockies : RHP Isaac Spikes
|
|
Pitching: RHP Isaac Spikes
|
|
|
Batting: LHB Per Meulengracht
|
0-0: Ball 1-0: Called Strike 1-1: Ball 2-1: Ball 3-1: Swinging Strike 3-2: Strikes out looking
|
|
Batting: RHB Jeckel Hester
|
0-0: Fly out, F9 (Flyball, 9S, EV 80.0 MPH)
|
|
Batting: RHB Jordan Martin
|
0-0: Called Strike 0-1: Ball 1-1: Ball 2-1: Ball 3-1: SOLO HOME RUN (Flyball, 7D, EV 99.4 MPH), Distance : 386 ft
|
|
Batting: RHB Adriaan Pieters
|
0-0: Ball 1-0: Foul Ball, location: 2F 1-1: TRIPLE (Flyball, 8LD, EV 99.4 MPH)
|
|
Batting: RHB Ike Trout
|
0-0: SINGLE (Flyball, 8LS, EV 92.5 MPH) Adriaan Pieters scores
|
|
Batting: LHB Colin Worthington
|
0-0: Called Strike 0-1: Ball 1-1: Swinging Strike 1-2: Strikes out swinging
|
| Bottom of the 1st over - 2 runs, 3 hits, 0 errors, 1 left on base; Colorado 0 - Atlanta 2 |
| TOP OF THE 2ND |
|
Colorado Rockies batting - Pitching for Atlanta Braves : RHP Matt Sigurdson
|
|
Batting: RHB Sterling Acosta
|
0-0: Ball 1-0: Called Strike 1-1: Foul Ball, location: 2F 1-2: Strikes out swinging, 2-3 out at first.
|
|
Batting: SHB Eddie Quinones
|
0-0: Called Strike 0-1: Ground out 6-3 (Groundball, 6M, EV 90.6 MPH)
|
|
Batting: RHB Chad Thompson
|
0-0: Ground out 5-3 (Groundball, 56S, EV 73.1 MPH)
|
| Top of the 2nd over - 0 runs, 0 hits, 0 errors, 0 left on base; Colorado 0 - Atlanta 2 |
| BOTTOM OF THE 2ND |
|
Atlanta Braves batting - Pitching for Colorado Rockies : RHP Isaac Spikes
|
|
Batting: RHB Ramon Villarreal
|
0-0: Foul Ball, location: 2F 0-1: Swinging Strike 0-2: Ball 1-2: Foul Ball, location: 2F 1-2: Strikes out swinging
|
|
Batting: RHB Xavier Davis
|
0-0: Foul Ball, location: 2F 0-1: Ground out 3-1 (Groundball, 34S, EV 73.8 MPH)
|
|
Batting: RHB Tade Post
|
0-0: Called Strike 0-1: Foul Ball, location: 2F 0-2: Foul Ball, location: 2F 0-2: Ball 1-2: Strikes out looking
|
| Bottom of the 2nd over - 0 runs, 0 hits, 0 errors, 0 left on base; Colorado 0 - Atlanta 2 |
| TOP OF THE 3RD |
|
Colorado Rockies batting - Pitching for Atlanta Braves : RHP Matt Sigurdson
|
|
Batting: LHB Fabiano Perrolas
|
0-0: Ball 1-0: Ball 2-0: Ball 3-0: Foul Ball, location: 2F 3-1: Called Strike 3-2: Strikes out looking
|
|
Batting: LHB Robert Watson
|
0-0: Ball 1-0: SINGLE (Groundball, 6, EV 99.4 MPH)
|
|
Batting: SHB Chris Blue
|
0-0: Called Strike Robert Watson steals 2nd base 0-1: Called Strike 0-2: Ground out 4-3 (Groundball, 4, EV 101.9 MPH) Robert Watson to third
|
|
Batting: SHB Jon Munoz
|
0-0: Called Strike 0-1: Ball 1-1: Called Strike 1-2: Foul Ball, location: 2F 1-2: Strikes out swinging
|
| Top of the 3rd over - 0 runs, 1 hit, 0 errors, 1 left on base; Colorado 0 - Atlanta 2 |
| BOTTOM OF THE 3RD |
|
Atlanta Braves batting - Pitching for Colorado Rockies : RHP Isaac Spikes
|
|
Batting: LHB Per Meulengracht
|
0-0: Called Strike 0-1: Foul Ball, location: 2F 0-2: Ball 1-2: Foul Ball, location: 2F 1-2: Foul Ball, location: 2F 1-2: Ball 2-2: Foul Ball, location: 2F 2-2: Foul Ball, location: 2F 2-2: Ball 3-2: Base on Balls
|
|
Batting: RHB Jeckel Hester
|
0-0: Called Strike Per Meulengracht steals 2nd base 0-1: Ball 1-1: Ground out 6-3 (Groundball, 6M, EV 105.6 MPH) Per Meulengracht to third
|
|
Batting: RHB Jordan Martin
|
0-0: Called Strike 0-1: Foul Ball, location: 2F 0-2: Ball 1-2: Ball 2-2: Strikes out swinging
|
|
Batting: RHB Adriaan Pieters
|
0-0: Called Strike 0-1: Ball 1-1: Fly out, F9 (Flyball, 9D, EV 88.1 MPH)
|
| Bottom of the 3rd over - 0 runs, 0 hits, 0 errors, 1 left on base; Colorado 0 - Atlanta 2 |
| TOP OF THE 4TH |
|
Colorado Rockies batting - Pitching for Atlanta Braves : RHP Matt Sigurdson
|
|
Batting: RHB Joel Haycock
|
0-0: Foul Ball, location: 2F 0-1: Ball 1-1: Ball 2-1: Ball 3-1: Swinging Strike 3-2: Foul Ball, location: 2F 3-2: Foul Ball, location: 2F 3-2: Base on Balls
|
|
Batting: RHB Jason Andrews
|
0-0: Ball 1-0: Swinging Strike 1-1: Ball 2-1: Ball 3-1: SINGLE (Flyball, 3D, EV 95.6 MPH) Joel Haycock to second
|
|
Batting: RHB Sterling Acosta
|
0-0: Called Strike 0-1: Ball 1-1: Ball 2-1: DOUBLE (Flyball, 8RXD, EV 111.9 MPH) Joel Haycock scores Jason Andrews to third Runner from 3rd tries for Home, SAFE, throw by CF to home
|
|
Batting: SHB Eddie Quinones
|
0-0: Ground out 3-1 (Groundball, 13, EV 84.4 MPH) Sterling Acosta to third
|
|
Batting: RHB Chad Thompson
|
0-0: Ball 1-0: Foul Ball, location: 2F 1-1: Called Strike 1-2: Strikes out swinging
|
|
Batting: LHB Fabiano Perrolas
|
0-0: Ball 1-0: Ball 2-0: Called Strike 2-1: Swinging Strike 2-2: Strikes out swinging, 2-3 out at first.
|
| Top of the 4th over - 2 runs, 2 hits, 0 errors, 1 left on base; Colorado 2 - Atlanta 2 |
| BOTTOM OF THE 4TH |
|
Atlanta Braves batting - Pitching for Colorado Rockies : RHP Isaac Spikes
|
|
Batting: RHB Ike Trout
|
0-0: Hit by Pitch
|
|
Batting: LHB Colin Worthington
|
0-0: Ball 1-0: Called Strike 1-1: Ball Ike Trout is caught stealing 2nd base 2-6 2-1: Foul Ball, location: 2F 2-2: Foul Ball, location: 2F 2-2: Ball 3-2: Strikes out looking
|
|
Batting: RHB Ramon Villarreal
|
0-0: Ball 1-0: Foul Ball, location: 2F 1-1: Ball 2-1: Called Strike 2-2: Ball 3-2: Fly out, F9 (Flyball, 9D, EV 93.1 MPH)
|
| Bottom of the 4th over - 0 runs, 0 hits, 0 errors, 0 left on base; Colorado 2 - Atlanta 2 |
| TOP OF THE 5TH |
|
Colorado Rockies batting - Pitching for Atlanta Braves : RHP Matt Sigurdson
|
|
Batting: LHB Robert Watson
|
0-0: Ball 1-0: Called Strike 1-1: Ball 2-1: SINGLE (Groundball, 4D, EV 101.9 MPH)
|
|
Batting: SHB Chris Blue
|
0-0: Foul Ball, location: 2F 0-1: Ball 1-1: Ball 2-1: Foul Ball, location: 2F 2-2: Foul Ball, location: 2F 2-2: Fly out, F7 (Flyball, 78S, EV 94.4 MPH)
|
|
Batting: SHB Jon Munoz
|
0-0: Ball 1-0: Ball 2-0: Ground out 4-3 (Groundball, 34S, EV 85.6 MPH) Robert Watson to second
|
|
Batting: RHB Joel Haycock
|
0-0: Swinging Strike 0-1: Ball 1-1: Foul Ball, location: 2F 1-2: Ball 2-2: Foul Ball, location: 2F 2-2: 2-RUN HOME RUN (Flyball, 8LXD, EV 101.2 MPH), Distance : 409 ft
|
|
Batting: RHB Jason Andrews
|
0-0: Ball 1-0: Ground out 5-3 (Groundball, 56, EV 108.1 MPH)
|
| Top of the 5th over - 2 runs, 2 hits, 0 errors, 0 left on base; Colorado 4 - Atlanta 2 |
| BOTTOM OF THE 5TH |
|
Atlanta Braves batting - Pitching for Colorado Rockies : RHP Isaac Spikes
|
|
Batting: RHB Xavier Davis
|
0-0: Ball 1-0: Ball 2-0: Ground out 6-3 (Groundball, P, EV 78.1 MPH)
|
|
Batting: RHB Tade Post
|
0-0: Called Strike 0-1: SINGLE (Groundball, 6D, EV 97.5 MPH)
|
|
Batting: LHB Per Meulengracht
|
0-0: Ball 1-0: Fielders Choice at 2nd, 1-6 (Groundball, 34S, EV 65.0 MPH)
|
|
Batting: RHB Jeckel Hester
|
0-0: Foul Ball, location: 2F 0-1: Ball 1-1: Foul Ball, location: 2F 1-2: Fly out, F8 (Line Drive, 8LM, EV 106.2 MPH)
|
| Bottom of the 5th over - 0 runs, 1 hit, 0 errors, 1 left on base; Colorado 4 - Atlanta 2 |
| TOP OF THE 6TH |
|
Colorado Rockies batting - Pitching for Atlanta Braves : RHP Matt Sigurdson
|
|
Batting: RHB Sterling Acosta
|
0-0: Ground out 6-3 (Groundball, 6, EV 81.9 MPH)
|
|
Batting: SHB Eddie Quinones
|
0-0: Called Strike 0-1: Called Strike 0-2: Ball 1-2: SINGLE (Line Drive, 6MD, EV 97.5 MPH)
|
|
Batting: RHB Chad Thompson
|
0-0: Ball 1-0: Ball 2-0: Foul Ball, location: 2F 2-1: Foul Ball, location: 2F 2-2: Reaches on Catchers interference Eddie Quinones to second
|
|
Batting: LHB Fabiano Perrolas
|
0-0: Ball 1-0: Ball 2-0: Ball 3-0: Swinging Strike 3-1: Called Strike 3-2: Base on Balls Eddie Quinones to third Chad Thompson to second
|
|
Batting: LHB Robert Watson
|
0-0: Swinging Strike 0-1: Ball 1-1: Fly out, F7 (Flyball, 7D, EV 95.0 MPH) Runner from 3rd tags up, SCORES, throw by LF Chad Thompson to third
|
|
Pitching: RHP David Matheney
|
|
|
Batting: SHB Chris Blue
|
0-0: Called Strike 0-1: Fly out, F8 (Line Drive, 8LD, EV 101.2 MPH)
|
| Top of the 6th over - 1 run, 1 hit, 1 error, 2 left on base; Colorado 5 - Atlanta 2 |
| BOTTOM OF THE 6TH |
|
Atlanta Braves batting - Pitching for Colorado Rockies : RHP Isaac Spikes
|
|
Batting: RHB Jordan Martin
|
0-0: Ball 1-0: Ground out 6-3 (Groundball, 6, EV 81.2 MPH)
|
|
Batting: RHB Adriaan Pieters
|
0-0: Called Strike 0-1: SINGLE (Groundball, 4S, EV 71.9 MPH) (infield hit)
|
|
Batting: RHB Ike Trout
|
0-0: Ball 1-0: Called Strike 1-1: Ball 2-1: Fly out, F8 (Flyball, 8RXD, EV 93.1 MPH)
|
|
Batting: LHB Colin Worthington
|
0-0: Called Strike 0-1: Called Strike 0-2: Ball 1-2: Ball 2-2: Foul Ball, location: 2F 2-2: Strikes out swinging
|
| Bottom of the 6th over - 0 runs, 1 hit, 0 errors, 1 left on base; Colorado 5 - Atlanta 2 |
| TOP OF THE 7TH |
|
Colorado Rockies batting - Pitching for Atlanta Braves : RHP David Matheney
|
|
Batting: SHB Jon Munoz
|
0-0: Foul Ball, location: 2F 0-1: Called Strike 0-2: Strikes out swinging
|
|
Batting: RHB Joel Haycock
|
0-0: Called Strike 0-1: Fly out, F8 (Line Drive, 8RS, EV 91.2 MPH)
|
|
Batting: RHB Jason Andrews
|
0-0: Ball 1-0: Foul Ball, location: 2F 1-1: Swinging Strike 1-2: Foul Ball, location: 2F 1-2: Strikes out looking
|
| Top of the 7th over - 0 runs, 0 hits, 0 errors, 0 left on base; Colorado 5 - Atlanta 2 |
| BOTTOM OF THE 7TH |
|
Atlanta Braves batting - Pitching for Colorado Rockies : RHP Isaac Spikes
|
|
Batting: RHB Ramon Villarreal
|
0-0: Ground out 6-3 (Groundball, 6, EV 87.5 MPH)
|
|
Batting: RHB Xavier Davis
|
0-0: Ball 1-0: SINGLE (Line Drive, 9S, EV 96.9 MPH)
|
|
Batting: RHB Tade Post
|
0-0: Ball 1-0: Foul Ball, location: 2F 1-1: Ball 2-1: Ball 3-1: Grounds into double play, 4-6-3 (Groundball, 4, EV 107.5 MPH)
|
| Bottom of the 7th over - 0 runs, 1 hit, 0 errors, 0 left on base; Colorado 5 - Atlanta 2 |
| TOP OF THE 8TH |
|
Colorado Rockies batting - Pitching for Atlanta Braves : RHP David Matheney
|
|
Batting: RHB Sterling Acosta
|
0-0: Ball 1-0: Called Strike 1-1: Foul Ball, location: 2F 1-2: Ground out 6-3 (Groundball, 6, EV 81.2 MPH)
|
|
Batting: SHB Eddie Quinones
|
0-0: Called Strike 0-1: Ball 1-1: Ball 2-1: SINGLE (Line Drive, 6D, EV 95.0 MPH)
|
|
Batting: RHB Chad Thompson
|
0-0: Foul Ball, location: 2F 0-1: SINGLE (Line Drive, 56D, EV 96.2 MPH) Eddie Quinones to second
|
|
Batting: LHB Fabiano Perrolas
|
0-0: Ball 1-0: Ball 2-0: Ball Eddie Quinones steals 3rd base (no throw) Chad Thompson to second 3-0: Called Strike 3-1: Foul Ball, location: 2F 3-2: Strikes out swinging
|
|
Batting: LHB Robert Watson
|
0-0: Called Strike 0-1: Swinging Strike 0-2: Foul Ball, location: 2F 0-2: Foul Ball, location: 2F 0-2: Strikes out swinging
|
| Top of the 8th over - 0 runs, 2 hits, 0 errors, 2 left on base; Colorado 5 - Atlanta 2 |
| BOTTOM OF THE 8TH |
|
Atlanta Braves batting - Pitching for Colorado Rockies : RHP Isaac Spikes
|
|
Batting: LHB Per Meulengracht
|
0-0: Ground out 4-3 (Groundball, 4, EV 102.5 MPH)
|
|
Batting: RHB Jeckel Hester
|
0-0: Ball 1-0: Foul Ball, location: 2F 1-1: SINGLE (Flyball, 6D, EV 91.9 MPH)
|
|
Batting: RHB Jordan Martin
|
0-0: Ball 1-0: Foul Ball, location: 2F 1-1: Foul Ball, location: 2F 1-2: Fly out, F8 (Flyball, 8LD, EV 93.8 MPH)
|
|
Pitching: RHP Tony Campos
|
|
|
Batting: RHB Adriaan Pieters
|
0-0: Ball 1-0: Foul Ball, location: 2F 1-1: Ball 2-1: Ball 3-1: Base on Balls Jeckel Hester to second
|
|
Batting: RHB Ike Trout
|
0-0: Ball 1-0: Foul Ball, location: 2F 1-1: DOUBLE (Flyball, 78D, EV 112.5 MPH) Jeckel Hester scores Adriaan Pieters to third Runner from 3rd tries for Home, throw by LF and OUT! 7-6-2
|
| Bottom of the 8th over - 1 run, 2 hits, 0 errors, 1 left on base; Colorado 5 - Atlanta 3 |
| TOP OF THE 9TH |
|
Colorado Rockies batting - Pitching for Atlanta Braves : RHP David Matheney
|
|
Pitching: RHP Victor Munoz
|
|
|
Batting: SHB Chris Blue
|
0-0: Ball 1-0: Ball 2-0: Called Strike 2-1: Ball 3-1: Base on Balls
|
|
Batting: SHB Jon Munoz
|
0-0: Ball Chris Blue steals 2nd base 1-0: Foul Ball, location: 2F 1-1: Foul Ball, location: 2F 1-2: Ball 2-2: Ball 3-2: SINGLE (Flyball, 8LS, EV 100.0 MPH) Chris Blue to third
|
|
Batting: RHB Joel Haycock
|
0-0: Called Strike Jon Munoz is caught stealing 2nd base 2-4 0-1: Foul Ball, location: 2F 0-2: Ball 1-2: SINGLE (Groundball, 4S, EV 68.1 MPH) (infield hit) Chris Blue scores
|
|
Batting: RHB Jason Andrews
|
0-0: Called Strike 0-1: Called Strike 0-2: Strikes out swinging
|
|
Batting: RHB Sterling Acosta
|
0-0: Ball 1-0: Ball 2-0: Foul Ball, location: 2F 2-1: Foul Ball, location: 2F 2-2: Ball 3-2: Base on Balls Joel Haycock to second
|
|
Batting: SHB Eddie Quinones
|
0-0: Ball 1-0: Ball 2-0: Called Strike 2-1: Foul Ball, location: 2F 2-2: Foul Ball, location: 2F 2-2: Foul Ball, location: 2F 2-2: Strikes out looking
|
| Top of the 9th over - 1 run, 2 hits, 0 errors, 2 left on base; Colorado 6 - Atlanta 3 |
| BOTTOM OF THE 9TH |
|
Atlanta Braves batting - Pitching for Colorado Rockies : RHP Tony Campos
|
|
Pitching: LHP Bill Ogren
|
|
|
Batting: LHB Colin Worthington
|
0-0: Foul Ball, location: 2F 0-1: Ball 1-1: Ball 2-1: Ground out 4-3 (Groundball, 34, EV 106.9 MPH)
|
|
Batting: RHB Ramon Villarreal
|
0-0: SOLO HOME RUN (Flyball, 7D, EV 99.4 MPH), Distance : 384 ft
|
|
Batting: RHB Xavier Davis
|
0-0: Swinging Strike 0-1: Foul Ball, location: 2F 0-2: Ball 1-2: Foul Ball, location: 2F 1-2: Strikes out swinging
|
|
Batting: RHB Tade Post
|
0-0: Called Strike 0-1: Ball 1-1: Ground out 5-3 (Groundball, 56, EV 101.2 MPH)
|
| Bottom of the 9th over - 1 run, 1 hit, 0 errors, 0 left on base; Colorado 6 - Atlanta 4 |
|